 Dungeon Crawl Stone Soup version 0.31.0-9-g3a7656b989 (webtiles) character file.

Game seed: 2467612105827811504

31 qw the Shooter (level 3, -11/18 HPs)
             Began as a Spriggan Hunter on Feb 2, 2024.
             Killed by nerve-wracking pain
             ... invoked by Jessica
              (14 damage)
             ... on level 2 of the Dungeon.
             The game lasted 00:00:02 (373 turns).

qw the Shooter (Spriggan Hunter)                     Turns: 373, Time: 00:00:02

Health: -11/18     AC:  2    Str:  7    XL:     3   Next: 7%
Magic:  4/4        EV: 19    Int: 10    God:
Gold:   34         SH:  0    Dex: 20    Spells: 2/2 levels left

rFire   . . .        a - +0 shortbow
rCold   . . .        (shield currently unavailable)
rNeg    . . .        c - +0 robe
rPois   .            (helmet restricted)
rElec   .            (no cloak)
rCorr   .            (gloves unavailable)
SInv    +            (boots unavailable)
Will    .....        (no amulet)
Stlth   ++           (no ring)
HPRegen 0.23/turn    (no ring)
MPRegen 0.09/turn

%: no passive effects
@: about to teleport, very quick
A: very small, no large weapons, unfitting armour, see invisible, speed 3
a: no special abilities


You were on level 2 of the Dungeon.
You visited 1 branch of the dungeon, and saw 2 of its levels.

You collected 34 gold pieces.


Innate Abilities, Weirdness & Mutations

You are very small and have problems with some larger weapons.
You are too small for most types of armour.
You have supernaturally acute eyesight. (SInv)
You cover ground extremely quickly. (Speed+++)


   Skills:
 - Level 1.5 Fighting
 + Level 4.4 Ranged Weapons
 - Level 4.0 Dodging
 - Level 1.5 Stealth


You had 2 spell levels left.
You didn't know any spells.
Your spell library was empty.

Inventory:

Hand Weapons
 a - a +0 shortbow (weapon)
Armour
 c - a +0 robe (worn)

Dungeon Overview and Level Annotations

Branches:
Dungeon (2/15)

Altars:

Annotations:
D:2 Jessica


Message History

You struggle to resist.
The ball python misses you. The ball python constricts you.
Jessica mumbles some strange words.
Jessica blinks!
You shoot an arrow. The arrow hits the ball python!
You kill the ball python!
The hobgoblin completely misses you.
The ball python bites you but does no damage.
The ball python closely misses you. The hobgoblin hits you.
You shoot an arrow. The arrow barely misses the hobgoblin.
The ball python bites you. The ball python barely misses you.
The ball python completely misses you. x2; The hobgoblin misses you.
The ball python barely misses you. The ball python misses you.
You shoot an arrow. The arrow hits the hobgoblin!
You kill the hobgoblin!
The ball python barely misses you. The ball python misses you.
Jessica completely misses you. The ball python completely misses you.
The ball python closely misses you.
You shoot an arrow. The arrow hits Jessica.
Jessica is severely wounded.
Jessica hits you with a +0 dagger. Jessica misses you.
The ball python bites you but does no damage.
The ball python closely misses you. Jessica hits you with a +0 dagger.
The ball python misses you. The ball python closely misses you.
372 ||| READING scroll of teleportation.
As you read the scroll of teleportation, it crumbles to dust.
You feel strangely unstable. Jessica closely misses you.
The ball python misses you. The ball python closely misses you.
Jessica gestures at you while chanting.
You struggle to resist.
The ball python misses you. The ball python barely misses you.
You shoot an arrow. The arrow hits Jessica.
Jessica is almost dead.
You feel yourself speed up. Jessica misses you.
Jessica points at you and mumbles some strange words.
Pain shoots through your body!
Ouch! That really hurt!
You die...

.... .... ...
..# . ..# ...
### ..#....
##}##@......
##..'@S......
##..}####.....
##...## ...
#}.%## . #.<.#
#}..# ##...#
##..}# ##....


You could see Jessica (fast) and a ball python.

Vanquished Creatures
  A bat (D:1)
  5 endoplasms (D:1)
  A giant cockroach (D:1)
  3 goblins
  2 hobgoblins
  6 kobolds (D:1)
  A quokka (D:2)
  3 ball pythons
  4 frilled lizards (D:1)
  3 rats (D:1)
29 creatures vanquished.

Notes
Turn   | Place    | Note
-------+----------+-------------------------------------------
     0 | D:1      | qw the Spriggan Hunter began the quest for the Orb.
     0 | D:1      | Reached XP level 1. HP: 10/10 MP: 2/2
     0 | D:1      | 0 ||| qw: Version: 0.3-a-155-g5e7d8dd
     0 | D:1      | 0 ||| qw: Game counter: 1256
     0 | D:1      | 0 ||| qw: Melee chars always use a shield: true
     0 | D:1      | 0 ||| qw: God list: Okawaru
     0 | D:1      | 0 ||| qw: Allow faded altars: false
     0 | D:1      | 0 ||| qw: Do Orc after clearing Dungeon:15 true
     0 | D:1      | 0 ||| qw: Do second Lair branch before Depths: true
     0 | D:1      | 0 ||| qw: Lair rune preference: random
     0 | D:1      | 0 ||| qw: Goals: Normal
     0 | D:1      | 0 ||| PLANNING D:1-11
    27 | D:1      | Reached skill level 3 in Dodging
    41 | D:1      | Reached XP level 2. HP: 9/14 MP: 3/3
   322 | D:1      | 322 ||| READING scroll labelled REGRADDIRUI.
   322 | D:1      | 322 ||| IDENTIFYING scroll labelled PEGOAS LIUM
   323 | D:1      | 323 ||| DROPPING scroll of butterflies.
   340 | D:2      | 340 ||| STAIRDANCE
   360 | D:2      | Noticed Jessica
   365 | D:2      | Reached XP level 3. HP: 16/18 MP: 4/4
   371 | D:2      | HP: 2/18 [Jessica/+0 dagger (5)]
   372 | D:2      | 372 ||| READING scroll of teleportation.
   373 | D:2      | Killed from afar by Jessica

Levels and vault maps discovered:
D:1:      amcnicky_arrival_single_pillar, layout_rooms
D:2:      layout_rooms, grunt_ministairs_8, minmay_tromino_v7, uniq_jessica

Skill      XL: |  1  2 |
---------------+-------+-----
Dodging        | 3 4 |  4.0
Fighting       | |  1.5
Ranged Weapons | |  4.4
Stealth        | |  1.5

Action                     || total
---------------------------++-------
   Fire: Shortbow          ||    67
    Use: Scroll            ||     2
 Armour: Robe              ||    18
  Dodge: Dodged            ||    55

Table legend:
 A = Non-vault XP
 B = Vault XP
 C = Vault XP percentage of total XP
 D = Non-vault monster count
 E = Vault monster count
 F = Vault count percentage of total count
                 A         B        C        D         E       F
            +---------+---------+-------+---------+---------+-------
      Total |      42 |       3 |   6.7 |      27 |       2 |   6.9
            +---------+---------+-------+---------+---------+-------
        D:1 |      35 |       3 |   7.9 |      23 |       2 |   8.0
        D:2 |       7 |       0 |   0.0 |       4 |       0 |   0.0
            +---------+---------+-------+---------+---------+-------
